 Dungeon Sprint DCSS version 0.28.0-47-ge53b351184 (webtiles) character file.

Game seed: 14799208910178012305

5100 browni3141 the Warrior (level 10, 0/136 HPs)
             Began as an Ogre Berserker on May 4, 2022.
             Was a High Priest of Trog.
             Slain by a cane toad (20 damage)
             ... in the Dungeon (Sprint IX: "|||||||||||||||||||||||||||||").
             The game lasted 00:02:11 (872 turns).

browni3141 the Warrior (Ogre Berserker)              Turns: 872, Time: 00:02:12

Health: 0/136      AC:  5    Str: 27    XL:     10   Next: 57%
Magic:  10/10      EV: 10    Int:  8    God:    Trog [*****.]
Gold:   0          SH:  0    Dex:  8    Spells: 9/9 levels left

rFire   . . .      SeeInvis .   l - +5 giant club (flame)
rCold   . . .      Faith    .   (shield currently unavailable)
rNeg    . . .      Spirit   .   b - +0 animal skin
rPois   .          Reflect  .   (helmet restricted)
rElec   .          Harm     .   (no cloak)
rCorr   .          Rampage  .   (gloves unavailable)
Will    +....      NoTele   +   (boots unavailable)
Stlth   +.........              (no amulet)
HPRegen 0.32/turn               O - +2 ring of protection
MPRegen 0.12/turn               (no ring)

@: on berserk cooldown, slowed, very slow
A: large, unfitting armour, tough skin 1
a: Renounce Religion, Berserk, Trog's Hand, Brothers in Arms


You were in the Dungeon.
You worshipped Trog.
Trog was extremely pleased with you.
You visited 1 branch


Innate Abilities, Weirdness & Mutations

You are too large for most types of armour.
You have tough skin. (AC +1)


   Skills:
 + Level 19.3 Fighting
 - Level 18.0 Maces & Flails
 - Level 2.6 Dodging


You had 9 spell levels left.
You didn't know any spells.
Your spell library was empty.

Inventory:

Hand Weapons
 a - a +0 mace
 k - a +2 vorpal morningstar
 l - a +5 giant club of flaming (weapon)
Armour
 b - a +0 animal skin (worn)
Jewellery
 I - a +3 ring of intelligence
 O - a +2 ring of protection (left hand)
Wands
 j - a wand of iceblast (21)
Scrolls
 h - 2 scrolls of blinking {@r3}
 m - 4 scrolls of enchant weapon
 n - 2 scrolls of enchant armour
 o - 2 scrolls of identify {@r1}
Potions
 c - 4 potions of curing {@q1}
 d - 6 potions of heal wounds {@q2}
 e - a potion of haste {@q3}
 f - 4 potions of magic
 g - 3 potions of berserk rage {!q}
 i - a potion of invisibility

Dungeon Overview and Level Annotations

Branches:
Dungeon (1/1)

Altars:
Cheibriados
Dithmenos
Elyvilon
Fedhas
Gozag
Hepliaklqana
Kikubaaqudgha
Makhleb
Nemelex Xobeh
Okawaru
Qazlal
Ru
Sif Muna
Trog
Uskayaw
Vehumet
Wu Jian
Xom
Yredelemnul
Zin
The Shining One
Beogh
Jiyva
Lugonu

¦.¦.¦)¦
¦.¦.¦[¦
¦'¦.¦.¦
¦?¦.¦.¦
¦?¦.¦.¦
¦?¦.¦.¦
¦?¦.¦.¦
¦?¦.¦)¦
¦?¦.¦@¦
¦?¦.¦F¦
¦?¦.¦.¦
¦?¦.¦.¦
¦?¦.¦.¦
¦?¦.¦.¦
¦?¦.¦.¦
¦?¦.¦.¦
¦?¦.¦


You could see a cane toad.


Message History

You bludgeon the komodo dragon!! You burn the komodo dragon!
The komodo dragon is heavily wounded.
You are no longer berserk.
You are exhausted.
You feel yourself slow down.
You feel sick.
You barely miss the komodo dragon.
The komodo dragon is heavily wounded.
You feel sick. The komodo dragon bites you!!
* * * LOW HITPOINT WARNING * * *
You are too injured to fight recklessly!
You are too injured to fight recklessly!
You are too injured to fight recklessly!
You are too injured to fight recklessly!
You are too injured to fight recklessly!
You hammer the komodo dragon like a gong!!!
You burn the komodo dragon.
You kill the komodo dragon!
Trog accepts your kill.
You feel sick.
Your Fighting skill increases to level 19!
You bludgeon the cane toad!! You burn the cane toad.
The cane toad is severely wounded.
You feel sick. The cane toad stings you.
* * * LOW HITPOINT WARNING * * *
You are more poisoned.
The cane toad poisons you! The cane toad stings you!
* * * LOW HITPOINT WARNING * * *
Unknown command.
You feel better. The cane toad stings you!!
You die...

Skill      XL: |  1  2  3  4  5  6  7  8  9 10 |
---------------+-------------------------------+-----
Maces & Flails | 7 8 9 11 13 15 16 18 | 18.0
Fighting       | 8 10 11 14 15 17 19 | 19.3
Dodging        | |  2.6

Action                   |  1- 3 |  4- 6 |  7- 9 | 10-12 || total
-------------------------+-------+-------+-------+-------++-------
Melee: Mace              |    21 |    12 |       |       ||    33
       Morningstar       |       |    20 |    23 |       ||    43
       Giant club        |       |       |     2 |    20 ||    22
Invok: Trog's Hand       |     1 |     1 |     2 |       ||     4
       Berserk           |     1 |     1 |     2 |       ||     4
  Use: Potion            |       |     1 |     1 |     1 ||     3
Armor: Animal skin       |     7 |    10 |    14 |     3 ||    34
Dodge: Dodged            |     8 |    24 |    15 |     2 ||    49

Levels and vault maps discovered:
D:        linesprint [early_d, line_temple, items_1, d_10, items_2, lair_1,
          lair_end, items_3, orc_1, orc_end, items_4, d_15, swamp_1, shoals_1,
          snake_1, spider_1, d_20, vaults_1, items_5, swamp_end, shoals_end,
          snake_end, spider_end, vaults_end, d_27, items_6, zot_1, zot_end,
          crypt_end, forest_end, elf_end, slime_end, tomb_end, abyss_end,
          pan_hell_end]

Notes
Turn   | Place    | Note
-------+----------+-------------------------------------------
     0 | D        | browni3141 the Ogre Berserker began the quest for the Orb.
     0 | D        | Reached XP level 1. HP: 24/24 MP: 1/1
     7 | D        | Reached skill level 3 in Maces & Flails
    12 | D        | Reached ** piety under Trog
    27 | D        | Noticed a water moccasin
    27 | D        | Noticed an iguana
    38 | D        | Killed a water moccasin
    39 | D        | Reached skill level 8 in Fighting
    39 | D        | Reached skill level 7 in Maces & Flails
    39 | D        | Reached XP level 2. HP: 17/41 MP: 2/2
    39 | D        | Reached XP level 3. HP: 21/48 MP: 3/3
    39 | D        | Reached XP level 4. HP: 24/57 MP: 4/4
    40 | D        | Reached *** piety under Trog
    47 | D        | Reached skill level 8 in Maces & Flails
    47 | D        | Reached XP level 5. HP: 16/66 MP: 5/5
   282 | D        | Found a snail-covered altar of Cheibriados.
   282 | D        | Found a shadowy altar of Dithmenos.
   282 | D        | Found a white marble altar of Elyvilon.
   282 | D        | Found a blossoming altar of Fedhas.
   282 | D        | Found an opulent altar of Gozag.
   283 | D        | Found a hazy altar of Hepliaklqana.
   284 | D        | Found a viscous altar of Jiyva.
   285 | D        | Found an ancient bone altar of Kikubaaqudgha.
   286 | D        | Found a corrupted altar of Lugonu.
   287 | D        | Found a burning altar of Makhleb.
   288 | D        | Found a sparkling altar of Nemelex Xobeh.
   289 | D        | Found an iron altar of Okawaru.
   290 | D        | Found a stormy altar of Qazlal.
   291 | D        | Found a sacrificial altar of Ru.
   292 | D        | Found a shimmering blue altar of Sif Muna.
   293 | D        | Found a bloodstained altar of Trog.
   294 | D        | Found a hide-covered altar of Uskayaw.
   295 | D        | Found a radiant altar of Vehumet.
   296 | D        | Found an ornate altar of the Wu Jian Council.
   297 | D        | Found a shimmering altar of Xom.
   298 | D        | Found a basalt altar of Yredelemnul.
   299 | D        | Found a glowing silver altar of Zin.
   300 | D        | Found a glowing golden altar of the Shining One.
   327 | D        | Noticed a wraith
   327 | D        | Noticed a yak
   327 | D        | Noticed a centaur
   334 | D        | Killed a wraith
   335 | D        | Reached skill level 10 in Fighting
   335 | D        | Reached skill level 9 in Maces & Flails
   335 | D        | Reached XP level 6. HP: 52/78 MP: 6/6
   343 | D        | Reached **** piety under Trog
   344 | D        | Reached skill level 10 in Maces & Flails
   348 | D        | Reached skill level 11 in Fighting
   349 | D        | HP: 12/120 [poisoned by a killer bee]
   350 | D        | Killed a yak
   351 | D        | Reached skill level 11 in Maces & Flails
   351 | D        | Reached XP level 7. HP: 9/89 MP: 7/7
   358 | D        | Reached skill level 12 in Fighting
   579 | D        | Noticed a centaur warrior
   579 | D        | Noticed a gargoyle
   579 | D        | Noticed a manticore
   579 | D        | Noticed a deep elf pyromancer
   579 | D        | Noticed a two-headed ogre
   579 | D        | Noticed a troll
   587 | D        | Killed a centaur warrior
   588 | D        | Reached skill level 14 in Fighting
   588 | D        | Reached skill level 13 in Maces & Flails
   588 | D        | Reached XP level 8. HP: 92/105 MP: 8/8
   592 | D        | Killed a gargoyle
   592 | D        | Reached ***** piety under Trog
   593 | D        | Reached skill level 14 in Maces & Flails
   596 | D        | Killed a manticore
   597 | D        | Reached skill level 15 in Fighting
   597 | D        | Reached skill level 15 in Maces & Flails
   597 | D        | Reached XP level 9. HP: 82/115 MP: 9/9
   598 | D        | Killed a deep elf pyromancer
   598 | D        | Received a gift from Trog
   599 | D        | Reached skill level 16 in Fighting
   600 | D        | Killed a two-headed ogre
   601 | D        | Reached skill level 16 in Maces & Flails
   603 | D        | Killed a troll
   846 | D        | Noticed a cane toad
   846 | D        | Noticed a cane toad
   846 | D        | Noticed a komodo dragon
   846 | D        | Noticed a six-headed hydra
   849 | D        | Killed a cane toad
   850 | D        | Reached skill level 17 in Fighting
   850 | D        | Reached XP level 10. HP: 131/131 MP: 10/10
   852 | D        | Killed a cane toad
   853 | D        | Reached skill level 17 in Maces & Flails
   859 | D        | Noticed a cane toad
   863 | D        | Killed a six-headed hydra
   863 | D        | Received a gift from Trog
   864 | D        | Reached skill level 18 in Fighting
   864 | D        | Reached skill level 18 in Maces & Flails
   871 | D        | Reached skill level 19 in Fighting
   871 | D        | HP: 13/136 [cane toad (16)]
   872 | D        | Slain by a cane toad

Vanquished Creatures
  A hydra (D)
  A centaur warrior (D)
  A two-headed ogre (D)
  A deep elf pyromancer (D)
  A manticore (D)
  A gargoyle (D)
  2 cane toads (D)
  A troll (D)
  2 komodo dragons (D)
  2 yaks (D)
  A wraith (D)
  3 water moccasins (D)
  A centaur (D)
  2 killer bees (D)
  An iguana (D)
  A bat skeleton (D)
  A bat zombie (D)
  2 endoplasms (D)
  A quokka (D)
  A ball python zombie (D)
  A bat (D)
  2 goblins (D)
30 creatures vanquished.

Table legend: (Time is in decaauts)
 A = Elapsed time spent in this place.
 B = Non-inter-level travel time spent in this place.
 C = Inter-level travel time spent in this place.
 D = Time resting spent in this place.
 E = Time spent auto-exploring this place.
 F = Levels seen in this place.
 G = Mean time per level.
                   A        B        C        D        E       F      G
               +--------+--------+--------+--------+--------+-----+--------+
         Total |    902 |    902 |      0 |    419 |    286 |   1 |  902.0 |
       Dungeon |    902 |    902 |      0 |    419 |    286 |   1 |  902.0 |
               +--------+--------+--------+--------+--------+-----+--------+

Top non-repeatable levels by time:
       D: 902 daAuts

Table legend:
 A = Non-vault XP
 B = Vault XP
 C = Vault XP percentage of total XP
 D = Non-vault monster count
 E = Vault monster count
 F = Vault count percentage of total count
                 A         B        C        D         E       F
            +---------+---------+-------+---------+---------+-------
      Total |       0 |    7286 | 100.0 |       0 |      30 | 100.0
            +---------+---------+-------+---------+---------+-------
          D |       0 |    7286 | 100.0 |       0 |      30 | 100.0
            +---------+---------+-------+---------+---------+-------
